[Event "Titled Tuesday Blitz March 15 Early 2022"]
[White "Tomb, Maroun"]
[Black "Farmani Anosheh, Armin"]
[WhiteFideId "5300398"]
[BlackFideId "24613240"]
[WhiteElo "2522"]
[BlackElo "2289"]
[Result "0-1"]
[Round "06"]
[TimeControl "180+1"]
[Date "2022.03.15"]
[WhiteClock "0:00:17"]
[BlackClock "0:00:06"]

1. d3 d5 2. Nf3 Nc6 3. Nbd2 e5 4. e4 Nf6 5. Be2 Be7 6. c3 O-O 7. h3 Re8 8. Qc2 h6 9. b4 a6 10. Nf1 Be6 11. Ng3 Qd7 12. a3 Bf8 13. O-O g6 14. Re1 Bg7 15. Bb2 Rad8 16. Rad1 dxe4 17. dxe4 Qc8 18. a4 Rxd1 19. Rxd1 Rd8 20. Rxd8+ Qxd8 21. b5 axb5 22. axb5 Na5 23. Nxe5 Bb3 24. Qd3 Qe7 25. c4 Ne8 26. f4 Bxe5 27. Bxe5 Bxc4 28. Qc3 b6 29. Bxc4 Qc5+ 30. Kh2 Nxc4 31. Bd4 Qxb5 32. f5 c5 33. Bh8 Qb4 34. Qa1 Qa3 35. fxg6 fxg6 36. Qf1 Ncd6 37. Be5 Nf7 38. Ba1 Qa4 39. h4 Qc6 40. h5 Qe6 41. hxg6 Qxg6 42. Qf3 Kh7 43. Qc3 Qg7 44. Qc1 Qg6 45. Nf5 Nf6 46. Qf4 Ng4+ 47. Kg1 Qh5 48. Qc7 Kg6 49. Qxb6+ Kh7 50. Qxc5 Qh2+ 51. Kf1 Qh1+ 52. Ke2 Qxa1 53. Qf8 Qf6 54. Ne7 Qf2+ 55. Kd3 Nfe5+ 56. Kc3 Qxf8 0-1


[Site "https://www.chess.com"]

[Event "Titled Tuesday Blitz March 15 Early 2022"]
[White "Tsatsalashvili, Keti"]
[Black "Migot, Tangi"]
[WhiteFideId "13603434"]
[BlackFideId "662445"]
[WhiteElo "2246"]
[BlackElo "2508"]
[Result "0-1"]
[Round "06"]
[TimeControl "180+1"]
[Date "2022.03.15"]
[WhiteClock "0:00:03"]
[BlackClock "0:00:19"]

1. d4 d6 2. Nf3 Bg4 3. c4 c6 4. Qb3 Qb6 5. Nbd2 Nd7 6. e3 e5 7. Be2 Ngf6 8. h3 Bxf3 9. Bxf3 exd4 10. Qxb6 axb6 11. exd4 Be7 12. O-O O-O 13. Re1 Rfe8 14. Nf1 g6 15. Bf4 Bf8 16. a3 h6 17. Nd2 d5 18. Kf1 dxc4 19. Nxc4 b5 20. Nd6 Bxd6 21. Bxd6 Rxe1+ 22. Rxe1 Re8 23. Rxe8+ Nxe8 24. Bb4 Nc7 25. Bd6 Ne8 26. Bf4 g5 27. Bd2 Ndf6 28. g3 Nc7 29. h4 gxh4 30. gxh4 Kg7 31. Bf4 Nfd5 32. Be5+ f6 33. Bd6 Ne6 34. Bc5 Nef4 35. Ke1 Nd3+ 36. Ke2 Nxb2 37. Bg4 Nc4 38. Bc8 b6 39. Bb4 Nf4+ 40. Kf3 Ng6 41. Bb7 c5 42. dxc5 bxc5 43. Bxc5 Nxh4+ 44. Ke2 Ne5 45. Ba6 Nd7 46. Ba7 Nf5 47. Bxb5 Ne5 48. a4 h5 49. a5 Nd6 50. Ba6 Nc6 51. Bc5 Ne4 52. Bb6 Nc3+ 53. Kf1 Nd5 54. Bb7 Nxb6 0-1


[Site "https://www.chess.com"]

[Event "Titled Tuesday Blitz March 15 Early 2022"]
[White "Urazayev, Arystanbek"]
[Black "Yang, Kaiqi"]
[WhiteFideId "13709810"]
[BlackFideId "8604398"]
[WhiteElo "2393"]
[BlackElo "2373"]
[Result "0-1"]
[Round "06"]
[TimeControl "180+1"]
[Date "2022.03.15"]
[WhiteClock "0:01:53"]
[BlackClock "0:01:07"]

1. d4 e6 2. e4 d5 3. Nd2 Nf6 4. e5 Nfd7 5. Bd3 c5 6. c3 b6 7. h4 Ba6 8. Bxa6 Nxa6 9. h5 h6 10. Qg4 b5 11. a3 Qb6 12. Ne2 c4 13. f4 Nc7 14. f5 O-O-O 15. Nf4 Re8 16. fxe6 Nxe6 17. Nxd5 Qb7 18. Ne3 f6 19. d5 Nec5 20. e6 Ne5 21. Qh3 Ncd3+ 22. Ke2 Nf4+ 23. Kd1 Nxh3 24. Rxh3 Bc5 25. Ndf1 Rd8 26. Kc2 Rxd5 0-1


[Site "https://www.chess.com"]

[Event "Titled Tuesday Blitz March 15 Early 2022"]
[White "Van Foreest, Jorden"]
[Black "Kamsky, Gata"]
[WhiteFideId "1039784"]
[BlackFideId "2000024"]
[WhiteElo "2609"]
[BlackElo "2645"]
[Result "0-1"]
[Round "06"]
[TimeControl "180+1"]
[Date "2022.03.15"]
[WhiteClock "0:00:04"]
[BlackClock "0:00:11"]

1. Nf3 Nf6 2. b3 g6 3. Bb2 Bg7 4. d4 d5 5. e3 O-O 6. Be2 c6 7. O-O Bg4 8. c4 e6 9. Nbd2 Ne4 10. Nxe4 dxe4 11. Nd2 Bxe2 12. Qxe2 f5 13. b4 Nd7 14. Nb3 Qe7 15. Bc3 e5 16. d5 cxd5 17. cxd5 Nb6 18. Rfd1 Rfd8 19. Rd2 Rxd5 20. Rad1 Rxd2 21. Nxd2 Rd8 22. Nb3 Rxd1+ 23. Qxd1 Qd7 24. Qc1 Nd5 25. Bd2 b6 26. h3 h5 27. Qc4 b5 28. Qc2 Bf8 29. a3 Nb6 30. Na5 Qd5 31. Kh2 Bd6 32. Be1 Kf7 33. Nc6 Qc4 34. Qxc4+ Nxc4 35. Nxa7 Nxa3 36. Bc3 Ke6 37. Bb2 Nc2 38. Nxb5 Bxb4 39. Nc7+ Kd7 40. Nd5 Bd6 41. Nb6+ Ke6 42. Nc4 Bc7 43. Bc3 Kd5 44. Nd2 Na3 45. g4 Nb5 46. Bb2 Ba5 47. Nf1 f4 48. Kg2 Nd6 49. f3 Nc4 50. Bc1 fxe3 51. Bxe3 exf3+ 52. Kxf3 e4+ 53. Ke2 Bc7 54. Bc1 Bd6 55. Bg5 hxg4 56. hxg4 Ke6 57. Ne3 Nxe3 58. Bxe3 Kd5 59. Bc1 Bc5 60. Bg5 Bd4 61. Bc1 Bg1 62. Bg5 Bh2 63. Bc1 Ke5 64. Bh6 Bf4 65. Bg7+ Kd5 66. Bc3 Bg5 67. Bb2 Ke6 68. Bc3 Bf6 69. Bd2 Be5 70. Bg5 Kd5 71. Bh6 Bd4 72. Bg5 Ke5 73. Bc1 Kd5 74. Bf4 Bf6 75. Bc1 Be5 76. Be3 Bg3 77. Bg5 Ke5 78. Bh6 Bf4 79. Bg7+ Ke6 80. Bb2 Kd5 81. Bc3 e3 82. Kd3 e2 83. Kxe2 Ke4 84. Be1 Be5 85. g5 Bf4 86. Kf1 Kf3 87. Bh4 Kg4 88. Be1 Kf3 89. Bh4 Be3 90. Be1 Bxg5 91. Bf2 Bf6 92. Ba7 g5 93. Bb6 g4 94. Bc5 g3 95. Bb6 g2+ 96. Kg1 Kg3 97. Bc7+ Kh3 98. Bb6 Be5 99. Bd4 Bh2+ 100. Kf2 g1=Q+ 0-1


[Site "https://www.chess.com"]

[Event "Titled Tuesday Blitz March 15 Early 2022"]
[White "Vlassov, Nikolai"]
[Black "Szpar, Milosz"]
[WhiteFideId "4103360"]
[BlackFideId "1184989"]
[WhiteElo "2407"]
[BlackElo "2447"]
[Result "1-0"]
[Round "06"]
[TimeControl "180+1"]
[Date "2022.03.15"]
[WhiteClock "0:00:23"]
[BlackClock "0:00:04"]

1. e4 c5 2. c3 d5 3. exd5 Qxd5 4. d4 Nc6 5. Nf3 Bg4 6. Be2 cxd4 7. cxd4 e6 8. Nc3 Qa5 9. O-O Nf6 10. h3 Bh5 11. Ne5 Bxe2 12. Nxc6 bxc6 13. Qxe2 Be7 14. Qc4 Rc8 15. Be3 O-O 16. Rfc1 Rfd8 17. Rc2 h6 18. a3 Nd5 19. Ne4 Nxe3 20. fxe3 Qd5 21. Nd2 Qg5 22. Rc3 c5 23. Ne4 Qh4 24. Nxc5 e5 25. Rf1 Bf6 26. dxe5 Qxc4 27. Rxc4 Bxe5 28. b4 Rd2 29. Rf2 Rd1+ 30. Rf1 Bh2+ 31. Kf2 Rd2+ 32. Kf3 Rc6 33. Ne4 Rxc4 34. Nxd2 Rc2 35. Ne4 Be5 36. Rd1 f5 37. Nc5 Bf6 38. Rd7 g5 39. g4 Rh2 40. gxf5 Rxh3+ 41. Ke4 g4 42. Kf4 h5 43. Rd6 Kf7 44. Rd7+ Ke8 45. Rxa7 Rf3+ 46. Ke4 h4 47. Nd7 Bg5 48. Ne5 Rxe3+ 49. Kd4 Rxe5 50. Kxe5 g3 51. Ke6 Kf8 52. f6 Bxf6 53. Kxf6 g2 54. Ra8# 1-0


[Site "https://www.chess.com"]

[Event "Titled Tuesday Blitz March 15 Early 2022"]
[White "Vokarev, Sergey"]
[Black "Devaev, Alexander"]
[WhiteFideId "4119711"]
[BlackFideId "4169395"]
[WhiteElo "2398"]
[BlackElo "2185"]
[Result "1-0"]
[Round "06"]
[TimeControl "180+1"]
[Date "2022.03.15"]
[WhiteClock "0:00:26"]
[BlackClock "0:00:01"]

1. e4 c6 2. d4 d5 3. Nd2 dxe4 4. Nxe4 Nf6 5. Nxf6+ exf6 6. c3 Bd6 7. Bd3 Na6 8. Qc2 Nc7 9. Ne2 Nd5 10. O-O h5 11. Bd2 Kf8 12. Rae1 g6 13. a3 b5 14. Ng3 Qc7 15. f4 Bd7 16. Qc1 f5 17. b3 Re8 18. Rxe8+ Bxe8 19. c4 bxc4 20. bxc4 Nf6 21. Bb4 c5 22. dxc5 Bxc5+ 23. Kh1 h4 24. Ne2 Bxb4 25. axb4 h3 26. Qc3 hxg2+ 27. Kxg2 Bc6+ 28. Kg1 Kg7 29. Ng3 Re8 30. b5 Ba8 31. c5 Re3 32. Qd4 Re8 33. c6 Rd8 34. Qc3 a6 35. Rf2 axb5 36. Bxb5 Rd1+ 37. Nf1 Qb6 38. Ba4 Qc7 39. Bxd1 Kh7 40. Bf3 Ng8 41. Qe5 1-0


[Site "https://www.chess.com"]

[Event "Titled Tuesday Blitz March 15 Early 2022"]
[White "Vujnovic, Patricija"]
[Black "Maung, Maung Kyaw Zaw Hein"]
[WhiteFideId "14502313"]
[BlackFideId "13001698"]
[WhiteElo "2107"]
[BlackElo "1785"]
[Result "0-1"]
[Round "06"]
[TimeControl "180+1"]
[Date "2022.03.15"]
[WhiteClock "0:00:01"]
[BlackClock "0:00:24"]

1. e4 c6 2. Nf3 d5 3. exd5 cxd5 4. Ne5 Nd7 5. d4 Nxe5 6. dxe5 e6 7. c4 Ne7 8. Nc3 d4 9. Nb5 Nc6 10. Bf4 a6 11. Nd6+ Bxd6 12. exd6 e5 13. Bg3 Qxd6 14. Bd3 O-O 15. O-O f5 16. c5 Qxc5 17. Rc1 Qb6 18. Bc4+ Kh8 19. Bd5 Ne7 20. Bb3 Qf6 21. f3 Be6 22. Re1 f4 23. Bf2 Nf5 24. Rc7 b5 25. Qd3 Bxb3 26. Qxb3 Rac8 27. Rec1 Rxc7 28. Rxc7 h5 29. Qa3 Ne3 30. Qc5 Re8 0-1


[Site "https://www.chess.com"]

[Event "Titled Tuesday Blitz March 15 Early 2022"]
[White "Xie, Bryan"]
[Black "Kovanova, Baira"]
[WhiteFideId "30941296"]
[BlackFideId "4164083"]
[WhiteElo "1899"]
[BlackElo "2190"]
[Result "1-0"]
[Round "06"]
[TimeControl "180+1"]
[Date "2022.03.15"]
[WhiteClock "0:00:04"]
[BlackClock "0:00:35"]

1. d4 Nf6 2. Nf3 e6 3. Bf4 d5 4. e3 Bd6 5. Bg3 c5 6. c3 Qc7 7. Nbd2 O-O 8. Bd3 Nbd7 9. Bxd6 Qxd6 10. O-O e5 11. dxe5 Nxe5 12. Nxe5 Qxe5 13. Nf3 Qh5 14. c4 Be6 15. cxd5 Bxd5 16. Be2 Rad8 17. Qa4 a6 18. Rfd1 Bc6 19. Qa5 Rxd1+ 20. Rxd1 Ng4 21. h3 Ne5 22. Nd4 Qg6 23. Nxc6 Qxc6 24. Rd8 Nd7 25. Bf3 Qd6 26. Bg4 f5 27. Bxf5 Qf6 28. Rxd7 Qxf5 29. Qc7 Qxf2+ 30. Kh2 Qf6 31. Qxb7 Qe5+ 32. Kg1 Qxe3+ 33. Kh2 Qe5+ 34. Kg1 Re8 35. Qd5+ Qxd5 36. Rxd5 Re2 37. Rxc5 Rxb2 38. Ra5 Rb6 39. Kf2 Re6 40. Kf3 Kf7 41. Kf4 Ke7 42. g4 h6 43. h4 Kd7 44. g5 Rb6 45. gxh6 gxh6 46. Kg4 Ke7 47. Kh5 Kf7 48. Rf5+ Kg7 49. Rd5 Rb5 50. Rxb5 axb5 51. a3 Kh7 52. Kg4 Kg6 53. h5+ Kf6 54. Kf4 Ke6 55. Ke4 Kf6 56. Kf4 Ke6 57. Ke4 Kf6 58. Kd5 Kg5 59. Kc5 Kxh5 60. Kxb5 Kg4 61. a4 h5 62. a5 h4 63. a6 h3 64. a7 Kg3 65. a8=Q Kh2 66. Kc4 Kg1 67. Kd3 h2 68. Qa1+ Kg2 69. Qg7+ Kh1 70. Qh6 Kg2 71. Qg5+ Kh1 72. Qh4 Kg2 73. Ke2 h1=Q 74. Qg4+ Kh2 75. Kf2 1-0


[Site "https://www.chess.com"]

[Event "Titled Tuesday Blitz March 15 Early 2022"]
[White "Xu, Yi"]
[Black "Skliarov, Viktor"]
[WhiteFideId "8605564"]
[BlackFideId "14106736"]
[WhiteElo "2471"]
[BlackElo "2229"]
[Result "1-0"]
[Round "06"]
[TimeControl "180+1"]
[Date "2022.03.15"]
[WhiteClock "0:00:14"]
[BlackClock "0:00:02"]

1. e4 c5 2. Nf3 Nc6 3. Bb5 e6 4. O-O Nge7 5. Re1 Nd4 6. Nxd4 cxd4 7. c3 a6 8. Bf1 d5 9. d3 dxc3 10. Nxc3 d4 11. Ne2 Nc6 12. a3 Be7 13. f4 O-O 14. b4 b5 15. Kh1 Bb7 16. Bb2 Rc8 17. Qd2 f5 18. exf5 exf5 19. Ng1 Qd5 20. Be2 Ne5 21. Bh5 Qxg2+ 22. Qxg2 Bxg2+ 23. Kxg2 Nxd3 24. Rxe7 Nxf4+ 25. Kh1 Nxh5 26. Bxd4 Rfd8 27. Nf3 Rc4 28. Be5 Rd3 29. Ng5 Rc8 30. Ne6 Re3 31. Nxg7 Rxe5 32. Rxe5 Nxg7 33. Re7 Kf8 34. Ra7 Rc6 35. Rd1 Ne6 36. Rxh7 Kg8 37. Re7 f4 38. Re1 Nd4 39. R7e4 Nf3 40. Rf1 Nd2 41. Rg1+ Kf7 42. Rxf4+ Ke7 43. Rg7+ Ke8 44. Rh4 Rc1+ 45. Kg2 Kf8 46. Rd7 1-0


[Site "https://www.chess.com"]

[Event "Titled Tuesday Blitz March 15 Early 2022"]
[White "Yedidia, Daniel"]
[Black "Christensen, Thomas"]
[WhiteFideId "30905907"]
[BlackFideId "1403532"]
[WhiteElo "2476"]
[BlackElo "2283"]
[Result "1-0"]
[Round "06"]
[TimeControl "180+1"]
[Date "2022.03.15"]
[WhiteClock "0:00:19"]
[BlackClock "0:00:07"]

1. d4 Nc6 2. Nf3 e5 3. dxe5 f6 4. e4 Bc5 5. Bc4 Qe7 6. O-O Nxe5 7. Nxe5 fxe5 8. Nc3 Nf6 9. Bg5 c6 10. Qe2 d6 11. Kh1 Be6 12. Rad1 O-O 13. f3 Rad8 14. Bxe6+ Qxe6 15. a3 a6 16. Qd3 Nh5 17. Ne2 Rd7 18. Be3 Bxe3 19. Qxe3 Nf4 20. Nxf4 Rxf4 21. Rd2 d5 22. exd5 Rxd5 23. Re1 Rxd2 24. Qxd2 Qf6 25. h3 h6 26. Qc3 Rf5 27. Qb3+ Kh7 28. Qxb7 Qh4 29. Qb4 Qf2 30. Qe4 g6 31. Qe2 Qg3 32. Rd1 Rh5 33. Rd7+ Kh8 34. Qd2 Rxh3+ 35. gxh3 Qxh3+ 36. Kg1 Qg3+ 37. Kf1 Qxf3+ 38. Ke1 Qh1+ 39. Ke2 Qg2+ 40. Kd1 1-0


[Site "https://www.chess.com"]

[Event "Titled Tuesday Blitz March 15 Early 2022"]
[White "Zong, Davis"]
[Black "De Souza, Cristiano Gomes"]
[WhiteFideId "30903955"]
[BlackFideId "2151758"]
[WhiteElo "2061"]
[BlackElo "2068"]
[Result "1-0"]
[Round "06"]
[TimeControl "180+1"]
[Date "2022.03.15"]
[WhiteClock "0:01:29"]
[BlackClock "0:01:48"]

1. d4 Nf6 2. c4 g6 3. Nc3 Bg7 4. e4 d6 5. Nf3 O-O 6. Be2 e5 7. O-O Nc6 8. d5 Ne7 9. b4 Nh5 10. c5 f5 11. Ng5 Nf6 12. f3 h6 13. Ne6 Bxe6 14. dxe6 Kh7 15. Be3 Ne8 16. Qb3 Bf6 17. Rfd1 Qc8 18. Rac1 dxc5 19. Bxc5 Ng7 20. Nd5 Qxe6 21. Nxe7 Bxe7 22. Qxe6 Bxc5+ 23. Rxc5 Nxe6 24. Rd7+ Kg8 25. Bc4 Rf6 26. Re7 1-0


[Site "https://www.chess.com"]

[Event "Titled Tuesday Blitz March 15 Early 2022"]
[White "volunteers1998"]
[Black "Pourkashiyan, Atousa"]
[BlackFideId "12502014"]
[WhiteElo "2274"]
[BlackElo "2247"]
[Result "0-1"]
[Round "06"]
[TimeControl "180+1"]
[Date "2022.03.15"]
[WhiteClock "0:00:02"]
[BlackClock "0:00:49"]

1. e4 c5 2. Nf3 e6 3. d4 cxd4 4. Nxd4 a6 5. Nc3 Qc7 6. Be3 Nf6 7. Be2 Bb4 8. O-O Bxc3 9. bxc3 Nxe4 10. Qd3 d5 11. c4 O-O 12. cxd5 exd5 13. c4 Nc5 14. Qc2 dxc4 15. Bxc4 Nbd7 16. Rac1 b6 17. Rfe1 Bb7 18. Qe2 Rae8 19. Qg4 Nf6 20. Qg5 Qe5 21. Qxe5 Rxe5 22. Bf4 Rxe1+ 23. Rxe1 Rd8 24. Nb3 Nxb3 25. Bxb3 Re8 26. Rxe8+ Nxe8 27. a4 Nf6 28. Bc7 b5 29. axb5 axb5 30. f3 Bd5 31. Bxd5 Nxd5 32. Be5 f6 33. Bd4 Kf7 34. Kf2 Ke6 35. Ke2 Nf4+ 36. Kf2 Kd5 37. Be3 Ne6 38. Ke2 Kc4 39. Kd2 Nc7 40. Bf4 Nd5 41. Bd6 b4 42. Kc2 Ne3+ 43. Kb2 Nxg2 44. Bf8 g6 45. Bg7 f5 46. Bf6 Ne1 47. h4 Nxf3 48. h5 gxh5 49. Bg7 h4 50. Bf8 h3 51. Bd6 h2 0-1


[Site "https://www.chess.com"]

[Event "Titled Tuesday Blitz March 15 Early 2022"]
[White "Agibileg, Uurtsaikh"]
[Black "Spitzl, Vinzent"]
[WhiteFideId "4901606"]
[BlackFideId "12901253"]
[WhiteElo "2205"]
[BlackElo "2160"]
[Result "1-0"]
[Round "07"]
[TimeControl "180+1"]
[Date "2022.03.15"]
[WhiteClock "0:00:27"]
[BlackClock "0:00:10"]

1. d4 Nf6 2. c4 e6 3. Nc3 d5 4. cxd5 exd5 5. Bg5 Bb4 6. Qa4+ Nc6 7. e3 h6 8. Bxf6 Qxf6 9. Bb5 Bd7 10. Ne2 O-O 11. O-O Qd6 12. a3 Bxc3 13. Nxc3 a6 14. Bxc6 Bxc6 15. Qc2 Bd7 16. Rac1 b6 17. b4 c6 18. Na4 Rfb8 19. Rfd1 a5 20. bxa5 Rxa5 21. Rb1 c5 22. dxc5 Bxa4 23. Qxa4 Qxc5 24. Qb4 Qxb4 25. axb4 Rb5 26. Kf1 Rc8 27. Ke2 Rc4 28. Rd4 Rc2+ 29. Kf3 Kf8 30. Ra1 Rc4 31. Ra4 Ke7 32. Kf4 Ke6 33. f3 f6 34. h4 g6 35. g4 g5+ 36. hxg5 fxg5+ 37. Kg3 Ke5 38. f4+ gxf4+ 39. Rxf4 Rxf4 40. exf4+ Ke4 41. f5 d4 42. f6 Rd5 43. Ra8 Rd7 44. Re8+ Kd5 45. Re7 Rd8 46. Kf4 Rf8 47. Kf5 d3 48. Rd7+ Kc4 49. Kg6 Kc3 50. Kg7 Ra8 51. f7 d2 52. f8=Q Rxf8 53. Kxf8 Kc2 54. Kg7 d1=Q 55. Rxd1 Kxd1 56. Kxh6 Kc2 57. g5 Kc3 58. g6 Kxb4 59. g7 Kc3 60. g8=Q b5 61. Qg3+ 1-0


[Site "https://www.chess.com"]

[Event "Titled Tuesday Blitz March 15 Early 2022"]
[White "Alinasab, Mobina"]
[Black "Maltsevskaya, Aleksandra"]
[WhiteFideId "12528897"]
[BlackFideId "24174041"]
[WhiteElo "2052"]
[BlackElo "2241"]
[Result "0-1"]
[Round "07"]
[TimeControl "180+1"]
[Date "2022.03.15"]
[WhiteClock "0:00:06"]
[BlackClock "0:01:09"]

1. e4 c5 2. Nf3 e6 3. d4 cxd4 4. Nxd4 Nc6 5. Nc3 Nf6 6. Ndb5 Bc5 7. Bf4 O-O 8. Bd6 Bxd6 9. Nxd6 a6 10. Be2 b5 11. O-O Ne8 12. a4 b4 13. Na2 Qc7 14. Nxe8 Rxe8 15. c3 Rb8 16. cxb4 Nxb4 17. Rc1 Qe5 18. Nc3 d5 19. exd5 exd5 20. Bf3 Be6 21. Re1 Qf6 22. a5 d4 23. Ne4 Qd8 24. Nc5 Qxa5 25. Qd2 Bf5 26. Rxe8+ Rxe8 27. Qxd4 Nc2 28. Qc3 Qd8 29. h3 Qg5 30. Rxc2 Bxc2 31. Qxc2 Re1+ 32. Kh2 Qf4+ 33. g3 Qxf3 0-1


[Site "https://www.chess.com"]

[Event "Titled Tuesday Blitz March 15 Early 2022"]
[White "Arabidze, Meri"]
[Black "Moroni, Luca Jr"]
[WhiteFideId "13604040"]
[BlackFideId "865834"]
[WhiteElo "2335"]
[BlackElo "2573"]
[Result "0-1"]
[Round "07"]
[TimeControl "180+1"]
[Date "2022.03.15"]
[WhiteClock "0:00:01"]
[BlackClock "0:00:02"]

1. d4 c5 2. d5 g6 3. Nc3 Bg7 4. e4 a6 5. a4 d6 6. Be2 Nf6 7. Nf3 O-O 8. O-O Bg4 9. Nd2 Bxe2 10. Qxe2 Nbd7 11. Nc4 Qc7 12. Re1 Rfb8 13. a5 b5 14. axb6 Nxb6 15. Na5 e6 16. dxe6 fxe6 17. e5 dxe5 18. Ne4 Nxe4 19. Qxe4 Nd5 20. c3 Rf8 21. Nc4 Rf5 22. f3 h5 23. Ne3 Rd8 24. Nxf5 exf5 25. Qc4 Kh7 26. Rxa6 Qb7 27. Ra2 Qc6 28. Bg5 Rd7 29. h4 Nb6 30. Qe2 c4 31. Rd1 Rb7 32. Ra5 Na4 33. Kh2 Rxb2 34. Qe3 e4 35. Ra7 Rb7 36. Rxb7 Qxb7 37. fxe4 Nxc3 38. Rc1 Nxe4 39. Rxc4 Qd5 40. Rc2 Qd1 41. Re2 Be5+ 42. Bf4 Bd4 43. Qf3 Qg1+ 44. Kh3 Qh1+ 45. Bh2 Qb1 46. Qf4 Qd3+ 47. Qf3 Qc4 48. Re1 Nf2+ 49. Kg3 Qc7+ 50. Qf4 Qxf4+ 51. Kxf4 Nd3+ 52. Kg5 Nxe1 53. Bf4 Nxg2 54. Bd6 Ne1 0-1


[Site "https://www.chess.com"]

[Event "Titled Tuesday Blitz March 15 Early 2022"]
[White "Araujo Filho, Luiz Antonio Coel"]
[Black "Martin Carmona, Gaston Manuel"]
[WhiteFideId "2130661"]
[BlackFideId "22284567"]
[WhiteElo "2199"]
[BlackElo "2161"]
[Result "1-0"]
[Round "07"]
[TimeControl "180+1"]
[Date "2022.03.15"]
[WhiteClock "0:00:05"]
[BlackClock "0:00:03"]

1. d4 Nf6 2. Nf3 g6 3. c4 Bg7 4. Nc3 O-O 5. e4 d6 6. Be2 e5 7. dxe5 dxe5 8. O-O c6 9. Qc2 Nbd7 10. Rd1 Qc7 11. b4 a5 12. b5 Re8 13. Rb1 Bf8 14. h3 Bc5 15. Na4 Bf8 16. Be3 cxb5 17. Rxb5 Ra6 18. c5 Rc6 19. Bc4 Kg7 20. Ng5 Nxc5 21. Bxf7 Ncxe4 22. Qb3 Nxg5 23. Bxe8 Nxh3+ 24. gxh3 Nxe8 25. Rxe5 Nf6 26. Rb5 Bd6 27. Bd4 Be5 28. Bxe5 Qe7 29. Nb6 Bxh3 30. Qxh3 Re6 31. Rd7 Qxd7 32. Bxf6+ Kf7 33. Nxd7 Re1+ 34. Kg2 Re6 35. Rxb7 Rc6 36. Ne5+ Ke8 37. Nxc6 Kf8 38. Qe6 1-0


[Site "https://www.chess.com"]

[Event "Titled Tuesday Blitz March 15 Early 2022"]
[White "Aravindh, Chithambaram VR."]
[Black "Bluebaum, Matthias"]
[WhiteFideId "5072786"]
[BlackFideId "24651516"]
[WhiteElo "2561"]
[BlackElo "2550"]
[Result "1-0"]
[Round "07"]
[TimeControl "180+1"]
[Date "2022.03.15"]
[WhiteClock "0:00:04"]
[BlackClock "0:00:01"]

1. b3 d5 2. Bb2 Bf5 3. Nf3 Nf6 4. e3 e6 5. h3 h6 6. c4 c6 7. Nc3 Nbd7 8. d4 Bd6 9. Bd3 Bxd3 10. Qxd3 O-O 11. O-O a5 12. e4 dxe4 13. Nxe4 Nxe4 14. Qxe4 a4 15. g3 Qa5 16. Kg2 Rfd8 17. Rfd1 Be7 18. Qc2 Bf6 19. Bc3 Qa6 20. Ne5 Nxe5 21. dxe5 Be7 22. Qe4 b5 23. h4 b4 24. Bd4 c5 25. Be3 Bf8 26. Rab1 axb3 27. axb3 Qa2 28. h5 Rac8 29. Re1 Rc7 30. Rbd1 Rcd7 31. Rxd7 Rxd7 32. Qc6 Rd3 33. Qc8 Qa5 34. Rh1 Rxb3 35. Rd1 Rxe3 36. Rd8 Rxg3+ 37. Kxg3 Kh7 38. Rxf8 Qa3+ 39. f3 Qxf3+ 40. Kxf3 1-0


[Site "https://www.chess.com"]

[Event "Titled Tuesday Blitz March 15 Early 2022"]
[White "Atakhan, Abtin"]
[Black "Van Foreest, Jorden"]
[WhiteFideId "22502203"]
[BlackFideId "1039784"]
[WhiteElo "2119"]
[BlackElo "2609"]
[Result "1-0"]
[Round "07"]
[TimeControl "180+1"]
[Date "2022.03.15"]
[WhiteClock "0:00:05"]
[BlackClock "0:00:03"]

1. c4 Nc6 2. Nc3 e5 3. g3 g6 4. Bg2 Bg7 5. d3 d6 6. e3 Be6 7. Nge2 h5 8. h3 Qd7 9. Nd5 Nd8 10. Rb1 c6 11. Ndc3 Ne7 12. b4 f5 13. h4 O-O 14. Bb2 d5 15. cxd5 cxd5 16. d4 f4 17. gxf4 exf4 18. Nxf4 Rxf4 19. exf4 Bf5 20. Rc1 Ne6 21. Ne2 Rf8 22. Qd2 Bh6 23. Rc5 b6 24. Rc3 Bg4 25. Bf3 Nxf4 26. Nxf4 Rxf4 27. Bxg4 Qxg4 28. Kf1 Kh7 29. Bc1 Kg8 30. Rg1 Qxh4 31. Rc7 Rf7 32. Qe2 Bxc1 33. Rxc1 Qxd4 34. Rc7 Qf6 35. Qc2 Qa1+ 36. Kg2 Qe5 37. Kf1 Qe6 38. Rxe7 Qxe7 39. Rxg6+ Kf8 40. Qc8+ Qe8 41. Rg8+ Kxg8 42. Qxe8+ Kg7 43. Qe5+ Kg6 44. Qxd5 Rf5 45. Qg8+ Kh6 46. Qh8+ Kg6 47. Qe8+ Kg7 48. Qe7+ Kg6 49. Qxa7 Rf6 50. a4 h4 51. Qd7 Rf5 52. Qd4 h3 53. Qg4+ 1-0


[Site "https://www.chess.com"]

[Event "Titled Tuesday Blitz March 15 Early 2022"]
[White "Baches Garcia, Guillermo"]
[Black "Royal, Shreyas"]
[WhiteFideId "2209764"]
[BlackFideId "448869"]
[WhiteElo "2425"]
[BlackElo "1986"]
[Result "1/2-1/2"]
[Round "07"]
[TimeControl "180+1"]
[Date "2022.03.15"]
[WhiteClock "0:01:26"]
[BlackClock "0:01:59"]

1. e4 e5 2. Nf3 Nc6 3. Nc3 Nf6 4. d4 exd4 5. Nxd4 Bb4 6. Nxc6 bxc6 7. Bd3 d5 8. Bd2 Bxc3 9. Bxc3 dxe4 10. Bxf6 Qxf6 11. Qe2 O-O 12. Qxe4 g6 13. O-O Bf5 14. Qf3 Rad8 15. Bxf5 gxf5 16. Rad1 Rxd1 17. Rxd1 Rd8 18. b3 Rxd1+ 19. Qxd1 Qe5 20. g3 Kg7 21. a4 Kf6 22. Qf3 Qd5 23. Qc3+ Ke6 24. Qe3+ Qe4 25. Qxa7 Qe1+ 26. Kg2 Qe4+ 27. Kg1 Qe1+ 28. Kg2 Qe4+ 1/2-1/2


[Site "https://www.chess.com"]

[Event "Titled Tuesday Blitz March 15 Early 2022"]
[White "Barp, Alberto"]
[Black "Babazada, Khazar"]
[WhiteFideId "872555"]
[BlackFideId "13413554"]
[WhiteElo "2229"]
[BlackElo "2418"]
[Result "0-1"]
[Round "07"]
[TimeControl "180+1"]
[Date "2022.03.15"]
[WhiteClock "0:00:03"]
[BlackClock "0:00:11"]

1. d4 Nf6 2. Bg5 e6 3. e4 h6 4. Bxf6 Qxf6 5. c3 d6 6. Bd3 Nc6 7. Ne2 e5 8. d5 Nb8 9. Nd2 h5 10. Ng3 h4 11. Nf5 g6 12. Ne3 Qg5 13. Nf3 Qh5 14. h3 Nd7 15. Ng4 Bg7 16. Be2 Qh7 17. Ng5 Qg8 18. Qa4 Qf8 19. Bb5 Qe7 20. Nf3 Kf8 21. Qc2 a6 22. Be2 a5 23. b4 Nb6 24. Ne3 Bh6 25. O-O Bf4 26. Nh2 Qg5 27. Neg4 f5 28. Nf3 Qe7 29. Ne3 Qf7 30. Bd3 fxe4 31. Bxe4 g5 32. Ng4 Bxg4 33. hxg4 Nxd5 34. Qd3 Nf6 35. Bf5 Re8 36. Nd2 Kg7 37. g3 Bxd2 38. Qxd2 Reg8 39. f4 gxf4 40. gxf4 Qd5 41. Qxd5 Nxd5 42. fxe5 dxe5 43. Rae1 Re8 44. bxa5 h3 45. Kh2 Nf4 46. Rd1 Kf6 47. Rd7 Rd8 48. Rfd1 Rxd7 49. Rxd7 Ra8 50. Rxc7 Rxa5 51. Rxb7 Rxa2+ 52. Kg3 Rg2+ 53. Kh4 h2 54. Rb6+ Ke7 55. Rb7+ Kd6 56. Rb1 Rg1 0-1


[Site "https://www.chess.com"]

[Event "Titled Tuesday Blitz March 15 Early 2022"]
[White "Beerdsen, Thomas"]
[Black "Kevlishvili, Robby"]
[WhiteFideId "1030108"]
[BlackFideId "1040634"]
[WhiteElo "2585"]
[BlackElo "2584"]
[Result "0-1"]
[Round "07"]
[TimeControl "180+1"]
[Date "2022.03.15"]
[WhiteClock "0:00:06"]
[BlackClock "0:00:15"]

1. e4 c5 2. Nf3 d6 3. d4 cxd4 4. Nxd4 Nf6 5. Nc3 Bd7 6. a3 Nc6 7. Bc4 g6 8. Nf3 Bg7 9. h3 O-O 10. O-O Rc8 11. Ba2 a6 12. Bg5 b5 13. Qe2 Qc7 14. Bxf6 exf6 15. Nd5 Qb7 16. c3 Rfe8 17. Qc2 Ne5 18. Nd4 Nc4 19. Rfe1 f5 20. f3 fxe4 21. fxe4 Nxa3 22. Qf2 Nc4 23. Rf1 Be6 24. Nf6+ Bxf6 25. Qxf6 Qe7 26. Qf4 Ra8 27. Rad1 Bd7 28. Kh1 Rac8 29. Qh6 Rc5 30. Nf3 Rh5 31. Qf4 Be6 32. Nd4 Re5 33. Nc6 Qc7 34. Nxe5 dxe5 35. Qf2 a5 36. b3 Na3 37. Rc1 Rd8 38. c4 b4 39. Rfd1 Ra8 40. c5 Nb5 41. Qg3 Nc3 42. Rxc3 bxc3 43. Qxc3 Rc8 44. Rc1 Rb8 45. c6 a4 46. Rb1 axb3 47. Bxb3 Rb6 48. Qe3 Qxc6 49. Rc1 Rxb3 50. Qh6 Rc3 51. Rd1 Qe8 52. Qg5 Rc8 53. Qxe5 Bb3 54. Qxe8+ Rxe8 55. Rd4 Bc2 56. e5 Rxe5 57. Rd8+ Kg7 58. Rc8 Be4 59. Rc1 Bd5 60. h4 Re2 61. h5 Bxg2+ 62. Kg1 Be4 63. h6+ Kxh6 64. Rc5 f5 65. Rc3 Kg5 66. Rh3 h5 67. Rg3+ Kf6 68. Rh3 f4 69. Rh4 Kf5 70. Rh3 Rb2 71. Rc3 g5 72. Rc5+ Kg4 73. Rc3 h4 74. Rc1 h3 75. Rf1 h2# 0-1


[Site "https://www.chess.com"]